 Dungeon Crawl Stone Soup version 0.20-a0-1122-gb7cbeb9 (webtiles) character file.

1010 George the Carver (level 8, -5/64 HPs)
             Began as a Minotaur Fighter on May 14, 2017.
             Killed by divine providence
             ... invoked by an orc priest
              (13 damage)
             ... on level 5 of the Dungeon.
             The game lasted 00:06:19 (3112 turns).

George the Carver (Minotaur Fighter)                Turns: 3112, Time: 00:06:19

Health: -5/64      AC: 10    Str: 25    XL:     8   Next: 1%
Magic:  7/7        EV:  6    Int:  5    God:
Gold:   266        SH: 11    Dex: 13    Spells: 7/7 levels left

rFire    . . .     SeeInvis .   a - +0 long sword
rCold    . . .     Gourm    .   c - +1 shield
rNeg     . . .     Faith    .   y - +0 chain mail
rPois    .         Spirit   .   (helmet restricted)
rElec    .         Reflect  .   (no cloak)
rCorr    .         Harm     .   t - +0 pair of gloves {Str+3}
MR       .....                  (no boots)
Stlth    ..........             (no amulet)
Regen    0.2/turn               n - +2 ring of strength
MPRegen  0.1/turn               (no ring)

@: no status effects
A: retaliatory headbutt, horns 2
a: no special abilities


You were on level 5 of the Dungeon.
You were not hungry.

You visited 2 branches of the dungeon, and saw 6 of its levels.

You collected 266 gold pieces.

Inventory:

Hand Weapons
 a - a +0 long sword (weapon)
 B - a cursed -2 rapier
Armour
 c - a +1 shield (worn)
 t - a +0 pair of gloves of strength (worn)
 y - a +0 chain mail (worn)
Jewellery
 b - an uncursed ring of protection from fire
 n - a +2 ring of strength (left hand)
 o - an uncursed ring of flight
Wands
 g - a wand of polymorph (1/24)
 z - a wand of random effects (41/48)
Scrolls
 m - a scroll of enchant weapon {unknown}
 p - a scroll of enchant armour
 r - a scroll of fear {unknown}
 x - 2 scrolls of recharging
Potions
 d - 3 potions of might
 h - a potion of resistance
 k - 3 potions of curing {unknown}
 l - 3 potions of lignification {unknown}
 q - 2 potions of invisibility {unknown}
 u - 2 potions of agility {unknown}
Comestibles
 f - 4 bread rations
 i - a chunk of flesh
 s - 2 meat rations
 A - 5 fruits
 C - 2 royal jellies


   Skills:
 - Level 3.6 Fighting
 + Level 11.1 Long Blades
 - Level 3.6 Armour
 - Level 3.6 Shields


You had 7 spell levels left.
You didn't know any spells.

Dungeon Overview and Level Annotations

Branches:
Dungeon (5/15)             Temple (1/1) D:5

Altars:
Ashenzari
Cheibriados
Elyvilon
Hepliaklqana
Kikubaaqudgha
Qazlal
Ru
Trog
Uskayaw
Xom
Yredelemnul
The Shining One


Innate Abilities, Weirdness & Mutations

You reflexively headbutt those who attack you in melee.
You have a pair of horns on your head.


Message History

The iceblast engulfs the orc priest.
The orc priest is severely wounded.
The iceblast engulfs the orc.
You kill the orc!
The iceblast engulfs you!
* * * LOW HITPOINT WARNING * * *
Evoking this partially-identified wand wasted a few charges.
You hear a shout!
You hear a bark! x2; You hear an angry hiss.
The orc priest calls down the wrath of Beogh upon you.
You struggle to resist.
You hit the orc priest but do no damage.
The orc priest is severely wounded.
The orc priest hits you with a hand axe.
* * * LOW HITPOINT WARNING * * *
You hit the orc priest.
The orc priest is severely wounded.
The orc priest miscasts a cantrip.
The orc priest calls down the wrath of Beogh upon you.
Beogh smites you!
You die...

#.##....## #.#####..#
#.# ##.# #.# #.### #.#
#.... # # ####.# ####.
...#. #....# ##
##?..$####.#############
.....oo@........#....>.#
###.#.###..####.........
# #.## #....... #(#
#....... #.# #.......
..# ########.. .##
......)... . ....#####.
# #......


You could see 2 orc priests.

Vanquished Creatures
  Pikel (D:4)
  Eustachio (D:4)
  2 slaves (D:4)
  A bullfrog (D:3)
  A hound (D:4)
  An orc priest (D:4)
  Jessica (D:2)
  An orc wizard (D:5)
  2 worker ants (D:4)
  Robin (D:2)
  4 adders
  A howler monkey skeleton (D:3)
  An ooze (D:3)
  2 worms
  4 dart slugs
  A leopard gecko (D:3)
  15 orcs
  6 giant cockroaches
  6 hobgoblins
  7 jackals
  5 kobolds
  A quokka (D:4)
  A ball python (D:4)
  7 bats
  5 frilled lizards
  11 goblins
  4 rats
93 creatures vanquished.

Vanquished Creatures (others)
  An orc wizard (D:4)
1 creature vanquished.

Grand Total: 94 creatures vanquished

Notes
Turn   | Place    | Note
-------+----------+-------------------------------------------
     0 | D:1      | George the Minotaur Fighter began the quest for the Orb.
     0 | D:1      | Reached XP level 1. HP: 19/19 MP: 0/0
    88 | D:1      | Reached skill level 3 in Long Blades
    91 | D:1      | Reached XP level 2. HP: 21/26 MP: 1/1
   747 | D:2      | Reached skill level 4 in Long Blades
   767 | D:2      | Found a hazy altar of Hepliaklqana.
   768 | D:2      | Found a shimmering altar of Xom.
   768 | D:2      | Noticed a yak
   769 | D:2      | Noticed a spectral ugly thing
   769 | D:2      | Noticed a yak
   956 | D:2      | Noticed Jessica
   959 | D:2      | Killed Jessica
   959 | D:2      | Reached XP level 3. HP: 31/31 MP: 2/2
   965 | D:2      | Reached skill level 5 in Long Blades
  1341 | D:2      | Noticed Robin
  1346 | D:2      | Killed Robin
  1346 | D:2      | Reached XP level 4. HP: 34/39 MP: 3/3
  1795 | D:3      | Reached skill level 6 in Long Blades
  1873 | D:3      | Noticed a bullfrog
  1878 | D:3      | Killed a bullfrog
  1878 | D:3      | Reached XP level 5. HP: 44/45 MP: 4/4
  2114 | D:4      | Noticed Eustachio
  2122 | D:4      | Killed Eustachio
  2122 | D:4      | Reached skill level 8 in Long Blades
  2122 | D:4      | Reached XP level 6. HP: 51/51 MP: 5/5
  2144 | D:4      | Noticed a slave
  2145 | D:4      | Noticed a slave
  2165 | D:4      | Killed a slave
  2385 | D:4      | Noticed a slave
  2408 | D:4      | Killed a slave
  2437 | D:4      | Noticed Pikel
  2438 | D:4      | Noticed a slave
  2591 | D:4      | Killed Pikel
  2591 | D:4      | Reached skill level 10 in Long Blades
  2591 | D:4      | Reached XP level 7. HP: 57/57 MP: 6/6
  2837 | D:4      | Reached skill level 11 in Long Blades
  2853 | D:5      | Entered Level 5 of the Dungeon
  2940 | D:5      | Found a staircase to the Ecumenical Temple.
  2954 | Temple   | Entered the Ecumenical Temple
  3083 | D:5      | Reached XP level 8. HP: 53/64 MP: 7/7
  3112 | D:5      | Killed from afar by an orc priest

Vault maps used:
D:1:      onia_arrival_pyramid
D:2:      regret_index_temple_of_mockery, kennysheep_nub, uniq_jessica,
          uniq_robin
D:4:      kennysheep_spiral_hall, first_bread, uniq_pikel, uniq_eustachio
D:5:      minmay_temple_entry_grid
Temple:   compressed_dpeg_circular_temple

Skill      XL: |  1  2  3  4  5  6  7 |
---------------+----------------------+-----
Long Blades    | 3 4 5 6 8 10 11 | 11.1
Fighting       | |  3.6
Armour         | |  3.6
Shields        | |  3.6

Action                   |  1- 3 |  4- 6 |  7- 9 || total
-------------------------+-------+-------+-------++-------
Melee: Long sword        |    58 |   118 |    52 ||   228
       Headbutt          |     9 |    21 |     7 ||    37
       Unarmed           |       |     2 |       ||     2
Evoke: Wand              |       |     2 |     1 ||     3
  Use: Scroll            |       |    10 |     1 ||    11
  Eat: Chunk             |       |     5 |     2 ||     7
Armor: Scale mail        |    30 |       |       ||    30
       Chain mail        |     3 |    30 |    12 ||    45
       Skin              |       |     1 |       ||     1
Dodge: Dodged            |    21 |    16 |       ||    37
Block: Shield            |    28 |    54 |    19 ||   101
       Rpst.: Long sword |     2 |     3 |       ||     5
